 Dungeon Crawl Stone Soup version 0.16.1-14-g82efdee (webtiles) character file.

91 jacksonaction the Sneak (level 4, -1/26 HPs)
             Began as a Kobold Warper on Apr 15, 2015.
             Slain by an iguana (10 damage)
             ... on level 3 of the Dungeon.
             The game lasted 00:13:26 (3253 turns).

jacksonaction the Sneak (Kobold Warper)             Turns: 3253, Time: 00:13:26

Health: -1/26      AC:  5    Str:  9    XL:     4   Next: 87%
Magic:  7/7        EV: 14    Int: 11    God:
Gold:   96         SH:  0    Dex: 16    Spells: 2 memorised, 4 levels left

rFire  . . .     SeeInvis .     a - +0 short sword
rCold  . . .     Clarity  .     p - quicksilver dragon hide
rNeg   . . .     SustAb   .     (no shield)
rPois  .         Gourm    .     (no helmet)
rElec  .         Spirit   .     (no cloak)
rCorr  .         Warding  .     (no gloves)
rMut   .         Stasis   .     (no boots)
MR     +....                    (no amulet)
Stlth  +++.......               (no ring)
                                (no ring)

@: somewhat resistant to hostile enchantments, fairly stealthy
A: carnivore 3
a: no special abilities


You were on level 3 of the Dungeon.
You were near starving.

You visited 1 branch of the dungeon, and saw 3 of its levels.

You collected 96 gold pieces.

Inventory:

Hand weapons
 a - a +0 short sword (weapon)
Missiles
 e - 3 tomahawks of dispersal
 h - 124 stones (quivered)
Armour
 p - a quicksilver dragon hide (worn)
Magical devices
 q - a wand of teleportation (4)
 r - a wand of frost (26)
Scrolls
 b - a scroll of noise {unknown}
 d - a scroll of blinking
 j - a scroll of immolation {unknown}
 k - 4 scrolls of remove curse {unknown}
 l - 2 scrolls of random uselessness {unknown}
 m - 2 scrolls of enchant armour {unknown}
 n - a scroll of magic mapping {unknown}
 o - a scroll of identify {unknown}
 u - a scroll of fear {unknown}
Potions
 g - 3 potions of magic
 i - a potion of ambrosia {unknown}
 s - a potion of agility {unknown}
 t - a potion of curing {unknown}
Books
 c - a book of Spatial Translocations

   Spells                             Type                      Level
   a - Apportation                    Translocation                1
   b - Blink                          Translocation                2
   c - Shroud of Golubria             Charms/Translocation         2
   d - Portal Projectile              Translocation                3
   e - Teleport Other                 Translocation                3
   f - Passage of Golubria            Translocation                4
Comestibles
 f - 2 meat rations


   Skills:
 - Level 2.1 Fighting
 - Level 2.6 Short Blades
 - Level 1.3 Throwing
 - Level 0.7 Armour
 + Level 3.4 Dodging
 - Level 5.0 Stealth
 - Level 2.0 Spellcasting
 - Level 3.0 Translocations


You had 4 spell levels left.
You knew the following spells:

 Your Spells              Type           Power        Failure   Level  Hunger
a - Apportation           Tloc           #.........   24%         1    ##.....
b - Blink                 Tloc           N/A          34%         2    ###....


Dungeon Overview and Level Annotations

Branches:
Dungeon (3/15)

Altars:
Trog


Innate Abilities, Weirdness & Mutations

You are small and have problems with some larger weapons.
You are carnivorous and can eat meat at any time.


Message History

The iguana is almost dead.
Quiver which item? (- for none, * to show all) (? for menu, Esc to quit)
Quivering
h - 126 stones for throwing.
You see here a club.
You are near starving!
Throwing (i - inventory. (,) - cycle):
h - 126 stones (quivered)
Press: ? - help, Shift-Dir - straight line, f/p - iguana
Aim: an iguana (almost dead)
You throw a stone. The stone hits the iguana.
The iguana is almost dead.
Throwing (i - inventory. (,) - cycle):
h - 125 stones (quivered)
Press: ? - help, Shift-Dir - straight line, f/p - iguana
Aim: an iguana (almost dead)
You throw a stone.
The stone hits the iguana but does no damage.
The iguana is almost dead.
You hit the iguana but do no damage.
The iguana is almost dead.
The iguana bites you!
You die...

#.....l........###.#
#.....###......# #.#
#.##### #......# #.#
#.# #......# #.# #.#
#......# #.# #.#
#l.....# #.# #.#
#......# #.#
#.#######......###.#
#..@l((.........)...
##################.#
#.# #.# #.# #.# #..
### #


You could see an iguana.

Vanquished Creatures
  2 adders
  A giant mite (D:1)
  A worm (D:2)
  3 giant geckos
  An ooze (D:3)
  8 hobgoblins
  4 jackals (D:1)
  7 kobolds
  A quokka (D:2)
  6 bats
  7 giant cockroaches
  5 giant newts
  6 goblins
  6 rats
58 creatures vanquished.

Notes
Turn   | Place    | Note
--------------------------------------------------------------
     0 | D:1      | jacksonaction, the Kobold Warper, began the quest for the Orb.
     0 | D:1      | Reached XP level 1. HP: 12/12 MP: 3/3
   176 | D:1      | Reached skill level 1 in Stealth
   232 | D:1      | Reached XP level 2. HP: 12/17 MP: 4/4
   408 | D:1      | Reached XP level 3. HP: 16/21 MP: 6/6
   817 | D:2      | Reached skill level 4 in Stealth
  1057 | D:2      | Learned a level 2 spell: Blink
  1434 | D:2      | Reached XP level 4. HP: 13/26 MP: 7/7
  2039 | D:2      | Reached skill level 5 in Stealth
  2339 | D:2      | Found a bloodstained altar of Trog.
  3253 | D:3      | Slain by an iguana

Action                   |  1- 3 |  4- 6 || total
-------------------------+-------+-------++-------
Melee: Short sword       |   138 |   112 ||   250
Throw: Stone             |    13 |    26 ||    39
       Tomahawk          |       |     2 ||     2
  Use: Potion            |       |     1 ||     1
 Stab: Sleeping          |     3 |     3 ||     6
       Distracted        |     1 |       ||     1
  Eat: Chunk             |     2 |     4 ||     6
